 Dungeon Crawl Stone Soup version 0.30-b1-2-g02819fbbbe (webtiles) character file.

Game seed: 9408177655135593464

(classic levelgen) 66727 EnegeticOcto the Severer (level 14, 0/129 HPs)
             Began as a Minotaur Fighter on May 9, 2023.
             Was an Initiate of Gozag.
             Succumbed to a black mamba's poison
             ... on level 1 of the Snake Pit.
             The game lasted 00:12:32 (21937 turns).

EnegeticOcto the Severer (Minotaur Fighter)        Turns: 21937, Time: 00:12:32

Health: 0/129      AC: 22    Str: 26    XL:     14   Next: 80%
Magic:  13/13      EV: 17    Int:  5    God:    Gozag
Gold:   4004       SH: 17    Dex: 10    Spells: 13/13 levels left

rFire   . . .        a - +4 broad axe (venom)
rCold   + . .        Q - +0 kite shield
rNeg    . . .        f - +0 chain mail
rPois   .            (helmet restricted)
rElec   .            K - +2 cloak {rC+}
rCorr   .            P - +1 pair of gloves {Stlth+}
SInv    .            e - +2 pair of boots
Will    ++...        V - amulet of reflection Stlth
                     s - +5 ring of evasion
HPRegen 0.41/turn    F - ring of willpower
MPRegen 0.13/turn

%: reflection
@: lethally poisoned (0 -> -3), gold aura
A: horns 2, retaliatory headbutt
a: Renounce Religion, Potion Petition, Call Merchant, Bribe Branch


You were on level 1 of the Snake Pit.
You worshipped Gozag.
Gozag was most pleased with you.
You visited 4 branches of the dungeon, and saw 21 of its levels.
You also visited: Sewer and Ice Cave.

You collected 6431 gold pieces.
You spent 1661 gold pieces at shops.
You paid 766 gold pieces to Gozag.

Inventory:

Hand Weapons
 a - a +4 broad axe of venom (weapon)
   (You acquired it on level 12 of the Dungeon)
 q - a +2 war axe of electrocution
   (You found it on level 4 of the Dungeon)
Missiles
 j - 5 throwing nets (quivered)
Armour
 e - a +2 pair of boots (worn)
   (You found it on level 5 of the Dungeon)
 f - a +0 chain mail (worn)
   (You found it on level 1 of the Dungeon)
 K - a +2 cloak of cold resistance (worn)
   (You found it in an ice cave)
 P - a +1 pair of gloves of stealth (worn)
   (You found it on level 12 of the Dungeon)
 Q - a +0 kite shield (worn)
   (You took it off a tengu warrior on level 14 of the Dungeon)
Jewellery
 s - a +5 ring of evasion (left hand)
   (You found it on level 3 of the Dungeon)
 y - a ring of resist corrosion
   (You found it on level 8 of the Dungeon)
 z - an amulet of guardian spirit
   (You found it on level 7 of the Dungeon)
 E - a +6 ring of dexterity
   (You found it on level 10 of the Dungeon)
 F - a ring of willpower (right hand)
   (You found it on level 12 of the Dungeon)
 G - a ring of see invisible
   (You found it on level 11 of the Dungeon)
 V - an amulet of reflection (around neck)
   (You found it on level 15 of the Dungeon)
Wands
 d - a wand of polymorph (12)
   (You found it on level 8 of the Dungeon)
 g - a wand of iceblast (23) {@v2}
   (You found it on level 6 of the Dungeon)
 J - a wand of flame (17) {@v4}
   (You found it in an ice cave)
 L - a wand of paralysis (14)
   (You found it on level 12 of the Dungeon)
Scrolls
 i - 14 scrolls of teleportation {@r3}
 o - a scroll of fog
 r - 3 scrolls of immolation
 u - 2 scrolls of magic mapping {@r5}
 x - 2 scrolls of enchant armour
 D - 5 scrolls of identify {@r1}
 M - 2 scrolls of silence
 O - a scroll of fear
 R - a scroll of blinking {@r4}
Potions
 h - 7 potions of heal wounds {@q2}
 k - 12 potions of curing {@q1}
 m - 9 potions of flight
 n - 6 potions of haste {@q4}
 p - 2 potions of attraction
 t - 8 potions of mutation
 w - 2 potions of lignification
 A - 4 potions of resistance {@q5}
 H - 2 potions of invisibility
 I - a potion of might {@q3}
 N - 3 potions of cancellation
 U - a potion of magic
Miscellaneous
 b - a lightning rod (1/4)
   (You found it on level 1 of the Lair of Beasts)
 l - a box of beasts
   (You found it on level 9 of the Dungeon)
 B - a tin of tremorstones (2/2)
   (You found it on level 11 of the Dungeon)


   Skills:
 + Level 13.1 Fighting
 * Level 17.6 Axes
 + Level 13.1 Armour
 + Level 10.7 Dodging
 + Level 13.1 Shields
 + Level 7.5 Evocations


You had 13 spell levels left.
You didn't know any spells.
Your spell library was empty.

Dungeon Overview and Level Annotations

Branches:
Dungeon (15/15)            Temple (0/1) D:7            Lair (3/5) D:10
 Shoals (0/4) Lair:3        Snake (1/4) Lair:3          Orc (2/2) D:11
    Elf (0/3) Orc:2        Vaults (0/5) D:14         Depths (0/4) D:15
  Sewer (visited)           IceCv (visited)

Altars:
Dithmenos
Gozag
Hepliaklqana
Okawaru
Ru
Trog
Xom
Yredelemnul

Shops:
D:4 (   D:9 (   Orc:1 (   Orc:2 *:[:!*

Annotations:
D:4 2 transporters, asdfasdf's ghost, amateur HOFi
D:9 2 transporters, xelsha's ghost, novice GrFi
D:11 3 runed translucent doors, Raspi's ghost, journeyman MiHu
Lair:1 2 runed translucent doors, phunky83's ghost, journeyman GrEE


Innate Abilities, Weirdness & Mutations

You have a pair of horns on your head.
You reflexively headbutt those who attack you in melee.


Message History

Agnes the Wanderer comes into view.
She is wielding a +0 vampiric lajatang.
You slash the naga warrior! You headbutt the naga warrior!
The naga warrior is moderately wounded.
Agnes mutters, "I never trained for this."
You slash the naga warrior!
The naga warrior is heavily wounded.
You block the naga warrior's attack. x2; You block the black mamba's attack.
You slash the naga warrior!
The naga warrior is poisoned.
Your headbutt misses the naga warrior.
The naga warrior is severely wounded.
You hit the black mamba but do no damage.
You block the black mamba's attack. You block the naga warrior's attack.
The naga warrior grabs you. The naga warrior constricts you.
The naga spits poison at you. The splash of poison hits you!
You are poisoned.
You slice the naga warrior!! You headbutt the naga warrior.
You kill the naga warrior!
You hit the black mamba.
The black mamba is poisoned.
You feel sick.
The black mamba bites you but does no damage.
The black mamba bites you!
Agnes hits you with a +0 vampiric lajatang!
You hit the black mamba. You headbutt the black mamba.
The black mamba is moderately wounded.
You slash Agnes!
Agnes looks as sick as possible!
You feel sick. You block the black mamba's attack. Agnes closely misses you.
You furiously retaliate!
You headbutt Agnes! You slice Agnes!!
Agnes looks as sick as possible!
Your headbutt misses Agnes.
Agnes is heavily wounded.
You miss the black mamba.
You feel sick. You block the black mamba's attack.
Agnes hits you with a +0 vampiric lajatang!
The black mamba is distracted by your dazzling golden aura.
You block the naga's attack. Agnes closely misses you. You furiously retaliate!
You headbutt Agnes.
You are too injured to fight recklessly!
You are too injured to fight recklessly!
You are too injured to fight recklessly!
You are too injured to fight recklessly!
You are too injured to fight recklessly!
You are too injured to fight recklessly!
You are too injured to fight recklessly!
You are too injured to fight recklessly!
You are too injured to fight recklessly!
You are too injured to fight recklessly!
The black mamba hisses angrily.
You slash Agnes!
Agnes looks as sick as possible!
Your headbutt misses Agnes.
Agnes is heavily wounded.
You closely miss the black mamba.
The black mamba is no longer distracted by gold.
You feel sick. The black mamba barely misses you.
Agnes hits you but does no damage.
You miss Agnes.
Agnes is heavily wounded.
You barely miss the black mamba.
The black mamba bites you but does no damage.
You block Agnes's attack. The naga misses you. The black mamba misses you.
You furiously retaliate!
You headbutt the black mamba! You closely miss Agnes. You headbutt Agnes.
Agnes is severely wounded.
You barely miss the black mamba.
You feel sick.
You are no longer poisoned.
You block Agnes's attack. The black mamba bites you!
You are poisoned.
The black mamba poisons you! You block the naga's attack.
Agnes hits you with a +0 vampiric lajatang.
Agnes draws strength from your wounds!
You miss Agnes. Your headbutt misses Agnes.
Agnes is severely wounded.
You hit the black mamba.
You feel very sick. The black mamba completely misses you.
You block Agnes's attack. The naga spits poison at you.
The splash of poison misses you.
The splash of poison hits the black mamba.
You slash Agnes!
Agnes looks as sick as possible!
Agnes is severely wounded.
You slash the black mamba!
The black mamba looks as sick as possible!
You feel sick.
You kill the black mamba!
You block Agnes's attack.
You slash Agnes!
Agnes looks as sick as possible!
Your headbutt misses Agnes.
Agnes is almost dead.
You feel sick.
Agnes hits you with a +0 vampiric lajatang!!
* * * LOW HITPOINT WARNING * * *
Agnes draws strength from your wounds! The naga misses you.
Agnes closely misses you. You furiously retaliate!
You headbutt Agnes! You slash Agnes!
You kill Agnes!
You feel sick. The naga closely misses you.
You feel sick.
The naga no longer looks unusually strong.
The naga hits you with a +0 glaive!
* * * LOW HITPOINT WARNING * * *
You block the naga's attack.
You slice the naga!!
The naga looks as sick as possible!
You headbutt the naga!
You kill the naga!
You die...
Your body crumbles into a pile of gold.

.......#..?............
........................
........................
.......................
.#......$..............
.#......................
....#...................
.......$.##.............
......$@................
........................
........$$..............
........................
....##...........<......
.... ...................
... ..................##
.# .....................
#.....................


There were no monsters in sight!

Vanquished Creatures
  Agnes (Snake:1)
  A dire elephant (D:15)
  Josephine (Lair:3)
  Harold (Lair:2)
  7 hydras
  4 centaur warriors
  4 boulder beetles
  Erica (D:10)
  2 tengu warriors (D:14)
  4 two-headed ogres
  2 orc high priests (Orc:2)
  A naga warrior (Snake:1)
  A shadow wraith (D:14)
  Lodul (D:10)
  2 harpies (Lair:3)
  A wizard (D:14)
  An orc knight (D:15)
  3 deep elf pyromancers
  A salamander (D:15)
  5 orc sorcerers (Orc:2)
  A wolf spider (D:15)
  5 cyclopes
  8 ugly things
  2 manticores
  17 elephants
  7 black mambas
  A black mamba (shapeshifter) (D:14)
  A naga mage (Snake:1)
  3 cane toads (Lair:3)
  2 gargoyles
  Psyche (D:7)
  An unseen horror (D:12)
  A yaktaur (shapeshifter) (D:14)
  An efreet (D:15)
  5 komodo dragons
  A tengu conjurer (D:13)
  6 trolls
  A polar bear (Lair:3)
  A queen bee (shapeshifter) (D:14)
  2 hornets
  A dream sheep (Lair:3)
  4 blink frogs
  5 slime creatures
  22 yaks
  A water elemental (D:11)
  8 wraiths
  A vampire (D:14)
  Eustachio (D:5)
  A wyvern (D:9)
  4 basilisks
  6 vampire mosquitoes
  A death yak simulacrum (IceCv)
  4 nagas
  2 wargs
  A hydra simulacrum (IceCv)
  A water moccasin (shapeshifter) (D:12)
  5 acid dragons
  24 orc warriors
  10 water moccasins
  5 black bears
  An ice beast (D:8)
  A sky beast (D:6)
  15 ogres
  9 boggarts (D:14)
  13 centaurs
  5 wolves (Lair:3)
  A kobold brigand (D:8)
  A phantom (D:3)
  7 bullfrogs
  A gnoll sergeant (D:13)
  A scorpion (D:6)
  7 wights
  6 killer bees (D:9)
  2 elephant simulacra (IceCv)
  2 howler monkeys
  3 electric eels
  4 hounds
  16 orc priests
  3 gnoll boudas
  2 iguanas
  A sleepcap (D:7)
  Jessica (D:2)
  40 orc wizards
  A malarious merfolk avatar (Sewer)
  A sickly merfolk siren (Sewer)
  34 gnolls
  3 river rats
  7 adders
  4 shadow imps
  A white imp (D:7)
  2 worms
  2 dart slugs
  65 orcs
  12 ball pythons
  8 endoplasms
  6 giant cockroaches
  4 goblins
  8 hobgoblins
  2 jackals (D:2)
  5 kobolds
  11 quokkas
  6 bats
  6 frilled lizards
  31 rats
  A butterfly (Lair:3)
580 creatures vanquished.

Vanquished Creatures (collateral kills)
  Rupert (D:14)
1 creature vanquished.

Vanquished Creatures (others)
  2 orc priests (Orc:2)
  2 orc wizards (Orc:2)
  15 fungi
  12 plants
31 creatures vanquished.

Grand Total: 612 creatures vanquished

Notes
Turn   | Place    | Note
-------+----------+-------------------------------------------
     0 | D:1      | EnegeticOcto the Minotaur Fighter began the quest for the
                  | Orb.
     0 | D:1      | Reached XP level 1. HP: 19/19 MP: 0/0
   161 | D:1      | Reached XP level 2. HP: 27/27 MP: 1/1
   202 | D:1      | Reached skill level 3 in Axes
   906 | D:2      | Reached XP level 3. HP: 33/33 MP: 2/2
   966 | D:2      | Reached XP level 4. HP: 40/40 MP: 3/3
  1355 | D:2      | Noticed Jessica
  1361 | D:2      | Killed Jessica
  1362 | D:2      | Reached skill level 4 in Axes
  1669 | D:3      | Reached XP level 5. HP: 47/47 MP: 4/4
  1696 | D:3      | Found a glowing drain.
  1700 | Sewer    | Entered a sewer
  1849 | Sewer    | HP: 2/47 [poisoned by an adder]
  2101 | Sewer    | Reached skill level 5 in Axes
  2138 | Sewer    | Reached XP level 6. HP: 19/55 MP: 5/5
  2733 | D:3      | Reached skill level 5 in Fighting
  2733 | D:3      | Reached skill level 5 in Armour
  2733 | D:3      | Reached skill level 5 in Shields
  3718 | D:4      | Reached skill level 6 in Axes
  3732 | D:4      | Reached XP level 7. HP: 29/61 MP: 6/6
  3904 | D:4      | Found a shadowy altar of Dithmenos.
  3920 | D:4      | Found a transporter.
  3921 | D:4      | Found a transporter.
  3921 | D:4      | Noticed asdfasdf's ghost (amateur HOFi)
  3999 | D:4      | Found Equograi's Antique Weapon Shoppe.
  4096 | D:4      | Found a sacrificial altar of Ru.
  4096 | D:4      | Found a shimmering altar of Xom.
  4100 | D:4      | Found a basalt altar of Yredelemnul.
  4145 | D:4      | Found an opulent altar of Gozag.
  4153 | D:4      | Became a worshipper of Gozag Ym Sagoz the Greedy
  4253 | D:5      | Entered Level 5 of the Dungeon
  4368 | D:5      | Reached skill level 7 in Axes
  4494 | D:5      | Reached skill level 1 in Dodging
  4646 | D:5      | Noticed Eustachio
  4651 | D:5      | Reached XP level 8. HP: 70/70 MP: 7/7
  4670 | D:5      | Killed Eustachio
  4709 | D:4      | Bought a polished battleaxe for 310 gold pieces
  4709 | D:4      | Identified the +2 battleaxe "Ifiaddia" {flame, *Rage rElec
                  | rCorr Str+3} (You bought it in a shop on level 4 of the
                  | Dungeon)
  4856 | D:6      | Reached skill level 8 in Axes
  6008 | D:7      | Reached skill level 9 in Axes
  6008 | D:7      | Reached XP level 9. HP: 79/79 MP: 8/8
  6353 | D:7      | Found a staircase to the Ecumenical Temple.
  6353 | D:7      | Found a faded altar of an unknown god.
  6837 | D:8      | Noticed a two-headed ogre
  6857 | D:8      | Reached skill level 10 in Axes
  6867 | D:8      | Killed a two-headed ogre
  6868 | D:8      | Reached XP level 10. HP: 56/88 MP: 5/9
  6869 | D:8      | Reached skill level 5 in Dodging
  7079 | D:8      | Found a hazy altar of Hepliaklqana.
  7658 | D:9      | Noticed Psyche
  7822 | D:9      | Reached skill level 11 in Axes
  7897 | D:7      | Killed Psyche
  8158 | D:9      | Found Urronam's Weapon Emporium.
  8264 | D:9      | Noticed a two-headed ogre
  8272 | D:9      | Found a transporter.
  8276 | D:9      | Found a transporter.
  8276 | D:9      | Noticed a moth of wrath
  8277 | D:9      | Found a bloodstained altar of Trog.
  8277 | D:9      | Noticed a two-headed ogre
  8277 | D:9      | Noticed a tengu warrior
  8278 | D:9      | Noticed a two-headed ogre
  8279 | D:9      | Noticed xelsha's ghost (novice GrFi)
  8658 | D:10     | Entered Level 10 of the Dungeon
  8820 | D:10     | Noticed Erica
  8829 | D:10     | Killed Erica
  8830 | D:10     | Reached skill level 12 in Axes
  8830 | D:10     | Reached skill level 1 in Evocations
  8894 | D:10     | Noticed Lodul
  8906 | D:10     | Killed Lodul
  8907 | D:10     | Reached XP level 11. HP: 68/97 MP: 8/10
  9151 | D:10     | Found a staircase to the Lair.
  9469 | D:11     | Found a runed translucent gate.
  9469 | D:11     | Found a runed translucent gate.
  9469 | D:11     | Found a runed translucent gate.
  9470 | D:11     | Noticed Raspi's ghost (journeyman MiHu)
  9484 | D:11     | Noticed a brown ugly thing
  9491 | D:11     | Killed a brown ugly thing
  9926 | D:11     | Noticed a two-headed ogre
  9935 | D:11     | Killed a two-headed ogre
 10121 | D:11     | Reached skill level 13 in Axes
 10650 | D:11     | Reached skill level 10 in Armour
 10837 | D:11     | Found a staircase to the Orcish Mines.
 11002 | D:12     | Found a frozen archway.
 11009 | IceCv    | Entered an ice cave
 11026 | IceCv    | Reached skill level 10 in Fighting
 11065 | IceCv    | Noticed a white ugly thing
 11091 | D:12     | Noticed a two-headed ogre
 11097 | D:12     | Killed a two-headed ogre
 11098 | D:12     | Reached skill level 10 in Shields
 11350 | D:12     | Noticed a boulder beetle
 11379 | D:12     | Killed a boulder beetle
 11582 | D:12     | Noticed a two-headed ogre
 11589 | D:12     | Killed a two-headed ogre
 11593 | D:12     | Noticed a seven-headed hydra
 11605 | D:12     | Reached XP level 12. HP: 41/107 MP: 5/11
 11608 | D:12     | Killed a ten-headed hydra
 12001 | D:12     | Identified a scroll of acquirement
 12001 | D:12     | Acquired a +1 broad axe of venom
 12440 | D:12     | Noticed a boulder beetle
 12449 | D:12     | Killed a boulder beetle
 12450 | D:12     | Reached skill level 14 in Axes
 12799 | D:13     | Noticed a boulder beetle
 12812 | D:13     | Killed a boulder beetle
 13069 | D:13     | Noticed a centaur warrior
 13079 | D:13     | Killed a centaur warrior
 13391 | D:14     | Noticed a four-headed hydra
 13404 | D:14     | Noticed a seven-headed hydra
 13406 | D:14     | Killed a 13-headed hydra
 13413 | D:14     | Noticed a tengu warrior
 13663 | D:14     | Noticed Rupert
 13671 | D:14     | Killed Rupert
 13831 | D:14     | Reached skill level 5 in Evocations
 13883 | D:14     | Noticed a tengu warrior
 13884 | D:14     | Noticed a tengu warrior
 13894 | D:14     | Killed a tengu warrior
 13895 | D:14     | Killed a tengu warrior
 14029 | D:14     | Noticed a centaur warrior
 14030 | D:14     | Noticed a centaur warrior
 14049 | D:14     | Noticed a death knight
 14140 | D:14     | Reached skill level 15 in Axes
 14274 | D:14     | Reached XP level 13. HP: 113/116 MP: 10/12
 14509 | D:14     | Found a gate to the Vaults.
 14738 | Orc:1    | Entered Level 1 of the Orcish Mines
 14994 | Orc:1    | Found Peot's Antique Weapon Boutique.
 15189 | Orc:2    | Entered Level 2 of the Orcish Mines
 15471 | Orc:2    | Found Idwag's Antique Armour Boutique.
 15471 | Orc:2    | Found Giogug's Assorted Antiques.
 15477 | Orc:2    | Found Fiowkea's Distillery.
 15480 | Orc:2    | Found a staircase to the Elven Halls.
 15716 | Orc:2    | Found Yghosac's Book Shop.
 15742 | Orc:2    | Found Daskevuv's Book Boutique.
 15833 | Orc:2    | Bought an ancient plate armour for 980 gold pieces
 15833 | Orc:2    | Identified the +0 plate armour of Heresy {+Blink Fly rCorr
                  | Int-2} (You bought it in a shop on level 2 of the Orcish
                  | Mines)
 15835 | Orc:2    | Bought a scroll labelled CALEGIMPOC for 35 gold pieces
 16110 | Orc:2    | Bought a potion of resistance for 140 gold pieces
 16460 | Orc:2    | Bought a glowing broad axe for 196 gold pieces
 16575 | Lair:1   | Entered Level 1 of the Lair of Beasts
 16587 | Lair:1   | Identified the +4 spear of the Big Bang {flame, rElec rC+
                  | rN+}
 16890 | Lair:1   | Reached skill level 16 in Axes
 17185 | Lair:1   | Found a large runed translucent door.
 17185 | Lair:1   | Found a large runed translucent door.
 17186 | Lair:1   | Noticed phunky83's ghost (journeyman GrEE)
 18401 | Lair:2   | Noticed Harold
 18407 | Lair:2   | Killed Harold
 18620 | Lair:3   | Noticed Josephine
 18627 | Lair:3   | Killed Josephine
 18642 | Lair:3   | Reached XP level 14. HP: 101/127 MP: 13/13
 18643 | Lair:3   | Found a staircase to the Snake Pit.
 18830 | Lair:3   | Reached skill level 10 in Dodging
 19578 | Lair:3   | Found a staircase to the Shoals.
 20134 | D:15     | Entered Level 15 of the Dungeon
 20296 | D:15     | Found a staircase to the Depths.
 20306 | D:15     | Reached skill level 17 in Axes
 20834 | D:15     | Identified the +4 long sword of Mandamus {speed, rPois
                  | rCorr Int+3}
 21228 | D:15     | Found an iron altar of Okawaru.
 21884 | Snake:1  | Entered Level 1 of the Snake Pit
 21922 | Snake:1  | Noticed Agnes
 21935 | Snake:1  | Killed Agnes
 21936 | Snake:1  | HP: 1/129 [naga/+0 glaive (15)]
 21937 | Snake:1  | Succumbed to a black mamba's poison

Illustrated notes

Levels and vault maps discovered:
D:1:      enne_arrival_octagon_isle, layout_basic
D:2:      layout_loops_cross, hangedman_decor_clover_reticule,
          nicolae_eternal_life, columned_hall_lemuel, uniq_jessica
D:3:      layout_basic, gup_sewer_entry_spiral
D:4:      layout_rooms, grunt_dithmenos_smoke,
          nicolae_gozag_cash_rules_everything_around_me,
          chequers_temple_overflow_statue_of_worship, serial_shops,
          nicolae_shop_hallway_stairs, gammafunk_ghost_smash
D:5:      layout_rooms, uniq_eustachio
D:6:      layout_gridville
D:7:      layout_basic, nicolae_temple_entry_ecumenical,
          amcnicky_mini_rare_corridor_liquid
D:8:      layout_loops_ring, mainiacjoe_overflow_six_doors_small, kb_rosetta
D:9:      layout_big_octagon, gammafunk_ghost_wrathful_warriors, serial_shops,
          nicolae_shop_bloodbath_and_beyond, uniq_psyche
D:10:     layout_roguey, lair_entry_dummy, serial_bayou_pond_c,
          minmay_misc_feat_x, uniq_lodul, uniq_erica
D:11:     nicolae_moon_pools, layout_layer_cave, gammafunk_ghost_nasty_kobolds
D:12:     layout_basic, portal_ice_cave_entry_pillars_2, minmay_bent
D:13:     layout_rooms
D:14:     layout_irregular_city, david_vaults_4, roderic_lattice_a, uniq_rupert
D:15:     hangedman_depths_entry_try_elsewhere_first, layout_basic,
          hellmonk_okawaru_the_only_friend_you_need
Lair:1:   layout_loops_ring, ebering_ghost_disaster_area
Lair:2:   layout_layer_cave, chequers_serial_rivers_marsh, lemuel_fruit_fields,
          uniq_harold
Lair:3:   layout_regular_city, nicolae_shoals_entry_roost,
          minmay_snake_entry_guardpost_small, hangedman_lair_generics_rect,
          grunt_megastairs_5, lemuel_fruit_fields, serial_bayou_shore_b,
          uniq_josephine
Snake:1:  layout_cave_shapes, nicolae_shop_self_help, uniq_agnes, uniq_jorgrun
Orc:1:    layout_caves, serial_shops, shop, lightli_orcish_oven
Orc:2:    st_orc_mages, layout_caves, serial_shops, nicolae_square_shop

Skill      XL: |  1  2  3  4  5  6  7  8  9 10 11 12 13 14 |
---------------+-------------------------------------------+-----
Axes           | 3 4 5 6 7 9 10 12 13 15 16 17 | 17.6
Fighting       | 4 5 6 7 8 9 10 11 12 13 | 13.1
Armour         | 4 5 6 7 8 9 10 11 12 13 | 13.1
Shields        | 4 5 6 7 8 9 10 11 12 13 | 13.1
Dodging        | 1 3 4 6 7 8 9 10 | 10.7
Evocations     | 1 3 5 6 7 |  7.5

Action                     |  1- 3 |  4- 6 |  7- 9 | 10-12 | 13-15 || total
---------------------------+-------+-------+-------+-------+-------++-------
  Melee: War axe           |    48 |   211 |   202 |   317 |       ||   778
         Headbutt          |     6 |    23 |    30 |   108 |   145 ||   312
         Broad axe         |       |       |       |   152 |   591 ||   743
 Invoke: Potion Petition   |       |       |       |       |     1 ||     1
         Call Merchant     |       |       |       |       |     1 ||     1
  Evoke: Tin of tremorston |       |       |       |     4 |     2 ||     6
         Wand              |       |       |       |     3 |       ||     3
         Box of beasts     |       |       |       |     1 |       ||     1
         Lightning rod     |       |       |       |       |     5 ||     5
    Use: Scroll            |       |     6 |     9 |     5 |    13 ||    33
         Potion            |       |       |     1 |     1 |     1 ||     3
   Stab: Distracted        |       |       |     2 |     3 |     7 ||    12
 Armour: Scale mail        |     4 |       |       |       |       ||     4
         Chain mail        |    26 |   132 |    74 |   227 |   216 ||   675
         Skin              |       |       |       |     5 |       ||     5
  Dodge: Dodged            |    24 |   105 |   126 |   361 |   340 ||   956
  Block: Buckler           |     6 |    48 |    48 |   135 |       ||   237
         Kite shield       |       |       |       |    17 |   322 ||   339
         Reflection        |       |       |       |       |     4 ||     4
